 Dungeon Crawl Stone Soup version 0.24.0-123-gd5b16e6ec5 (webtiles) character file.

Game seed: 10340329329673495820, levelgen mode: deterministic

1638 FishyPogo the Arsonist (level 8, -3/46 HPs)
             Began as a Deep Elf Fire Elementalist on Feb 9, 2020.
             Was an Elder of Cheibriados.
             Slain by a killer bee (7 damage)
             ... on level 7 of the Dungeon.
             The game lasted 00:21:22 (5086 turns).

FishyPogo the Arsonist (Deep Elf Fire Elementalist) Turns: 5086, Time: 00:21:22

Health: -3/46      AC:  4    Str: 15    XL:     8   Next: 66%
Magic:  18/21      EV: 18    Int: 33    God:    Cheibriados [****..]
Gold:   238        SH:  0    Dex: 25    Spells: 8/22 levels left

rFire    + + .     SeeInvis .   r - +7 morningstar "Isenomp" {vamp, rF+}
rCold    . . .     Gourm    .   (no shield)
rNeg     . . .     Faith    .   d - +0 robe
rPois    .         Spirit   .   (no helmet)
rElec    .         Reflect  .   (no cloak)
rCorr    .         Harm     .   n - +0 pair of gloves
MR       .....                  q - +0 pair of boots
Stlth    ++........             (no amulet)
HPRegen  0.15/turn              l - ring of protection from fire
MPRegen  0.17/turn              u - ring of attention (curse)

@: lethally poisoned (-3 -> -19), very slow
A: no striking features
a: Bend Time, Temporal Distortion, Slouch, Renounce Religion


You were on level 7 of the Dungeon.
You worshipped Cheibriados.
Cheibriados was greatly pleased with you.
You were not hungry.

You visited 1 branch of the dungeon, and saw 7 of its levels.
You also visited: Ossuary.

You collected 411 gold pieces.
You spent 173 gold pieces at shops.

Inventory:

Hand Weapons
 a - a +2 dagger of holy wrath
 b - a +2 scimitar of electrocution
 r - the +7 morningstar "Isenomp" (weapon) {vamp, rF+}
   (You bought it in a shop on level 6 of the Dungeon)

   It inflicts no extra harm, but heals its wielder when it wounds a living foe.
   It protects you from fire.
Missiles
 g - 61 stones (quivered)
 t - 3 poisoned darts
 B - 3 javelins
Armour
 d - a +0 robe (worn)
 n - a +0 pair of gloves (worn)
 q - a +0 pair of boots (worn)
Jewellery
 l - a ring of protection from fire (left hand)
 u - a cursed ring of attention (right hand)
Wands
 D - a wand of clouds (3)
Scrolls
 e - a scroll of blinking {unknown}
 f - 2 scrolls of magic mapping {unknown}
 h - 3 scrolls of identify
 j - 3 scrolls of remove curse {unknown}
 p - a scroll of brand weapon {unknown}
 s - 3 scrolls of enchant armour {unknown}
 v - a scroll of teleportation
 w - 2 scrolls of enchant weapon {unknown}
 y - a scroll of fog {unknown}
 E - a scroll of fear {unknown}
Potions
 i - 6 potions of curing
 k - a potion of might
 m - 2 potions of agility
 o - a potion of mutation {unknown}
 x - a potion of magic {unknown}
 z - 2 potions of heal wounds
 A - a potion of resistance
Comestibles
 c - 11 rations
 C - 3 chunks of flesh


   Skills:
 - Level 3.0 Fighting
 - Level 4.3 Long Blades
 * Level 0.3 Maces & Flails
 + Level 6.5 Dodging
 + Level 3.2 Stealth
   Level 3.3 Shields
 + Level 7.6 Spellcasting
 + Level 5.4 Conjurations
 * Level 1.9 Summonings
 * Level 8.7 Fire Magic
 + Level 0.4 Air Magic
 - Level 4.6 Invocations
 + Level 0.8 Evocations


You had 8 spell levels left.
You knew the following spells:

 Your Spells              Type           Power        Failure   Level  Hunger
a - Flame Tongue          Conj/Fire      #####        1%          1    None
b - Throw Flame           Conj/Fire      ######       1%          2    None
k - Call Canine Familiar  Summ           ####....     4%          3    None
l - Summon Lightning Spi  Summ/Air       ###.....     22%         4    None
p - Sticky Flame          Conj/Fire      ######..     1%          4    None

Your spell library contained the following spells:

 Spells                   Type           Power        Failure   Level  Hunger
 Summon Small Mammal      Summ           ####         1%          1    None
 Conjure Flame            Conj/Fire      ######..     1%          3    None
 Inner Flame              Hex/Fire       #####...     1%          3    None
 Call Imp                 Summ           ####....     2%          2    None
 Fireball                 Conj/Fire      ######....   5%          5    ####...
 Summon Guardian Golem    Hex/Summ       ###.....     8%          3    None
 Summon Ice Beast         Ice/Summ       ###.....     24%         4    None


Dungeon Overview and Level Annotations

Branches:
Dungeon (7/15)             Temple (0/1) D:5         Ossuary (visited)

Altars:
Cheibriados
Qazlal
Sif Muna
Trog
The Shining One

Shops:
D:6 *!*[

Annotations:
D:3 3 runed translucent doors, Bluestream's ghost, amateur MiFi


Message History

The killer bee completely misses you. The killer bee misses you.
The killer bee stings you.
You are poisoned.
The killer bee poisons you!
You feel sick. The killer bee closely misses you. The killer bee misses you.
The killer bee stings you. The killer bee misses you. x2
You feel sick. The killer bee barely misses you. x2
The killer bee stings you.
You are more poisoned.
The killer bee poisons you! The killer bee barely misses you.
The killer bee misses you. The killer bee stings you. x3
* * * LOW HITPOINT WARNING * * *
You are lethally poisoned!
The killer bee poisons you! The killer bee barely misses you.
There is an open door, spattered with blood here.
* * * LOW HITPOINT WARNING * * *
You feel sick. The killer bee stings you!
* * * LOW HITPOINT WARNING * * *
The killer bee stings you!
You die...

#.# #.# ### #.# .. ....
.########.##
####'#......#.#.
##.######...........#...
#......@yy..........#...
#########y.........###..
####+#.......'..
#########.. ### # # # +


You could see 3 killer bees.

Vanquished Creatures
  Prince Ribbit (D:7)
  An ice beast (D:5)
  An ogre (D:5)
  2 bullfrogs
  A scorpion (D:6)
  3 crimson imps
  A jelly (D:7)
  5 orc wizards
  An orc priest (D:4)
  A bullfrog skeleton (D:6)
  3 worker ants
  An iguana (D:6)
  2 big kobold zombies (Ossuary)
  A hound zombie (D:6)
  A hound skeleton (D:5)
  3 mummies
  6 gnolls
  6 adders
  A shadow imp (D:6)
  An adder skeleton (D:7)
  8 adder zombies
  3 worms
  3 dart slugs
  3 leopard geckos
  12 orcs
  6 giant cockroaches
  7 goblins
  6 hobgoblins
  19 jackals
  12 kobolds
  10 bats
  3 frilled lizards
  5 hobgoblin zombies (Ossuary)
  4 kobold zombies (Ossuary)
  A leopard gecko skeleton (D:4)
  5 orc zombies (Ossuary)
  7 rats
156 creatures vanquished.

Vanquished Creatures (others)
  2 fungi (D:3)
2 creatures vanquished.

Grand Total: 158 creatures vanquished

Notes
Turn   | Place    | Note
-------+----------+-------------------------------------------
     0 | D:1      | FishyPogo the Deep Elf Fire Elementalist began the quest
                  | for the Orb.
     0 | D:1      | Reached XP level 1. HP: 10/10 MP: 6/6
   217 | D:1      | Reached XP level 2. HP: 13/16 MP: 0/8
   304 | D:1      | Learned a level 2 spell: Throw Flame
   403 | D:1      | Reached skill level 1 in Fighting
   648 | D:1      | Reached XP level 3. HP: 20/20 MP: 5/9
   885 | D:2      | Found a faded altar of an unknown god.
   893 | D:2      | Became a worshipper of Cheibriados the Contemplative
   893 | D:2      | Reached * piety under Cheibriados
  1154 | D:2      | Reached XP level 4. HP: 3/27 MP: 0/10
  1906 | D:3      | Reached ** piety under Cheibriados
  1925 | D:3      | Reached XP level 5. HP: 29/32 MP: 2/12
  2079 | D:3      | Found a glowing golden altar of the Shining One.
  2079 | D:3      | Found a bloodstained altar of Trog.
  2080 | D:3      | Found a snail-covered altar of Cheibriados.
  2153 | D:3      | Reached skill level 1 in Long Blades
  2325 | D:3      | Found a runed translucent gate.
  2326 | D:3      | Found a runed translucent gate.
  2341 | D:3      | Found a runed translucent gate.
  2342 | D:3      | Noticed Bluestream's ghost (amateur MiFi)
  2433 | D:4      | Reached skill level 4 in Fire Magic
  2474 | D:4      | Found a sand-covered staircase.
  2485 | Ossuary  | Entered an ossuary
  2562 | Ossuary  | Reached *** piety under Cheibriados
  2833 | Ossuary  | Reached XP level 6. HP: 33/36 MP: 11/13
  2899 | Ossuary  | Reached skill level 5 in Conjurations
  2899 | Ossuary  | Reached skill level 8 in Fire Magic
  2899 | Ossuary  | Reached XP level 7. HP: 5/41 MP: 13/19
  3653 | D:5      | Entered Level 5 of the Dungeon
  3703 | D:5      | Learned a level 3 spell: Call Canine Familiar
  3816 | D:5      | Found a shimmering blue altar of Sif Muna.
  3874 | D:5      | Learned a level 4 spell: Sticky Flame
  3880 | D:5      | Found a staircase to the Ecumenical Temple.
  3928 | D:5      | Reached **** piety under Cheibriados
  4231 | D:6      | Reached skill level 1 in Summonings
  4231 | D:6      | Reached XP level 8. HP: 46/46 MP: 17/21
  4378 | D:6      | Found Sal Lekaafeu's Distillery.
  4392 | D:6      | Bought a potion of degeneration for 11 gold pieces
  4424 | D:6      | Found Vukuc's Assorted Antiques.
  4522 | D:6      | Learned a level 4 spell: Summon Lightning Spire
  4569 | D:6      | Found Ijeritif's Armour Emporium.
  4626 | D:6      | Found a stormy altar of Qazlal.
  4750 | D:6      | Found Pufumme's Assorted Antiques.
  4756 | D:6      | Bought a fine morningstar for 162 gold pieces
  4756 | D:6      | Identified the +7 morningstar "Isenomp" {vamp, rF+} (You
                  | bought it in a shop on level 6 of the Dungeon)
  4937 | D:7      | Noticed Prince Ribbit
  4940 | D:7      | Killed Prince Ribbit
  5086 | D:7      | Slain by a killer bee

Levels and vault maps discovered:
D:1:      beargit_arrival_greenhouse, layout_basic
D:2:      layout_basic, chequers_ecumenical_altar_simple_redux
D:3:      layout_rooms, gammafunk_temple_overflow_claw, first_ration,
          gammafunk_ghost_nasty_kobolds
D:4:      layout_rooms, gup_ossuary_entry_pyramid
D:5:      layout_cave_pools, tgw_sif, minmay_temple_entry_statues_pillars
D:6:      layout_basic, basic_altar, serial_shops,
          nicolae_shop_overgrown_old_shop, nicolae_shop_behind_doors, shop, shop
D:7:      layout_basic, serial_shops, shop, uniq_duvessa, uniq_prince_ribbit1

Skill      XL: |  1  2  3  4  5  6  7 |
---------------+----------------------+-----
Stealth        | 3 |  3.2
Fighting       | 1 2 3 |  3.0
Dodging        | 3 6 |  6.5
Long Blades    | 1 4 |  4.3
Fire Magic     | 4 8 |  8.7
Conjurations   | 2 5 |  5.4
Shields        | 3 |  3.3
Spellcasting   | 7 |  7.6
Invocations    | 4 |  4.6
Summonings     | 1 |  1.9
Maces & Flails | |  0.3
Air Magic      | |  0.4
Evocations     | |  0.8

Action                   |  1- 3 |  4- 6 |  7- 9 || total
-------------------------+-------+-------+-------++-------
Melee: Dagger            |    45 |    69 |       ||   114
       Scimitar          |       |    29 |    26 ||    55
       Morningstar       |       |       |     2 ||     2
 Cast: Flame Tongue      |    77 |    48 |    74 ||   199
       Throw Flame       |     9 |    21 |    27 ||    57
       Sticky Flame      |       |       |     2 ||     2
  Use: Potion            |       |     4 |       ||     4
       Scroll            |       |     1 |     5 ||     6
  Eat: Chunk             |     1 |     2 |     4 ||     7
Armor: Robe              |    14 |    23 |    10 ||    47
Dodge: Dodged            |    60 |    82 |    49 ||   191
       Rpst.: Scimitar   |       |     7 |     7 ||    14
